 Dungeon Crawl Stone Soup version 0.16-a0-3873-g452e4d5 (webtiles) character file.

277 Econoterrorist the Covert (level 6, -2/41 HPs)
             Began as a Vampire Enchanter on Feb 1, 2015.
             Killed from afar by an orc wizard (10 damage)
             ... with a puff of frost
             ... on level 4 of the Dungeon.
             The game lasted 00:16:17 (3558 turns).

Econoterrorist the Covert (Vampire Enchanter)       Turns: 3558, Time: 00:16:17

Health: -2/41      AC:  4    Str:  7    XL:     6   Next: 4%
Magic:  3/11       EV: 12    Int: 19    God:
Gold:   145        SH:  0    Dex: 14    Spells: 3 memorised, 4 levels left

rFire  . . .     SeeInvis +     q - +1 dagger (chaos)
rCold  . . .     Clarity  .     b - +1 robe
rNeg   . . .     SustAb   .     (no shield)
rPois  .         Gourm    .     (no helmet)
rElec  .         Spirit   .     (no cloak)
rCorr  .         Warding  .     (no gloves)
rMut   .         Stasis   .     s - +0 pair of boots
MR     .....                    (no amulet)
Stlth  ++++......               (no ring)
                                p - ring of teleport control

@: regenerating very quickly, not resistant to hostile enchantments, stealthy
A: bottle blood, fangs 3, see invisible, unbreathing
a: Evoke Teleport Control


You were on level 4 of the Dungeon.
You were almost alive.

You visited 1 branch of the dungeon, and saw 4 of its levels.

You collected 145 gold pieces.

Inventory:

Hand weapons
 e - a +1 short sword of protection
 q - a +1 dagger of chaos (weapon)
Armour
 b - a +1 robe (worn)
 s - a +0 pair of boots (worn)
Jewellery
 f - an uncursed ring of fire
 p - a ring of teleport control (left hand)
Magical devices
 a - a wand of enslavement (10)
 u - a wand of magic darts (32)
Scrolls
 h - a scroll of remove curse
 i - a scroll of enchant armour {unknown}
 j - a scroll of noise {unknown}
 k - 2 scrolls of magic mapping {unknown}
 m - 2 scrolls of recharging {unknown}
 o - a scroll of blinking {unknown}
 r - 2 scrolls of identify {unknown}
 t - a scroll of teleportation {unknown}
Potions
 d - 8 potions of blood
 l - a potion of invisibility {unknown}
 n - a potion of haste {unknown}
 v - a potion of heal wounds {unknown}
Books
 c - a book of Maledictions

   Spells                             Type                      Level
   a - Corona                         Hexes                        1
   b - Sure Blade                     Hexes/Charms                 2
   c - Ensorcelled Hibernation        Hexes/Ice                    2
   d - Confuse                        Hexes                        3
   e - Dazzling Spray                 Conjuration/Hexes            3
   f - Enslavement                    Hexes                        4


   Skills:
 - Level 1.1 Short Blades
 - Level 2.1 Dodging
 - Level 8.1 Stealth
 + Level 2.6 Spellcasting
 - Level 7.0 Hexes


You had 4 spell levels left.
You knew the following spells:

 Your Spells              Type           Power        Failure   Level  Hunger
a - Corona                Hex            ####...      1%          1    None
b - Ensorcelled Hibernat  Hex/Ice        ###...       8%          2    ##.....
c - Confuse               Hex            ####....     2%          3    ###....


Dungeon Overview and Level Annotations

Branches:
Dungeon (4/15)
 Temple: D:4-7

Altars:
Xom

Annotations:
D:4 Eustachio


Innate Abilities, Weirdness & Mutations

Your natural rate of healing is extremely fast.
You can bottle blood from corpses.
You have razor-sharp teeth.
You have supernaturally acute eyesight.
You can survive without breathing.


Message History

Your orc wizard casts a spell.
Your orc wizard flickers and vanishes for a moment.
The helpless adder fails to defend itself.
You impale the adder!!
You kill the adder!
You see here an adder corpse.
You bottle the adder corpse's blood.
d - 10 potions of blood (gained 1)
Your orc wizard is no longer moving quickly.
Drink which item? (? for menu, Esc to quit)
Yummy - fresh blood!
Drink which item? (? for menu, Esc to quit)
Yummy - fresh blood!
Drink which item? (? for menu, Esc to quit)
You are much too full right now.
Your orc wizard sings a few bars from the Orcish anthem.
The orc wizard is no longer charmed.
The orc wizard points at you and mumbles some strange words.
The puff of frost hits you!
You die...

#.........#....#.#
#.###....###...#.#
#.#.......#....#.#
#.............##.#
#...######.....#.#
#...######.......#
#.....##...o...###
##....##......##
#...####..@#.#
#....##....#.#
#..........#.##
##............####
##.######.........
#...........#
########.####
#.###############
#...............#


You could see an orc wizard (invisible).

Vanquished Creatures
  An iguana (D:4)
  2 river rats (D:3)
  3 gnolls (D:3)
  7 adders
  3 giant mites
  5 worms (D:2)
  2 giant geckos
  6 orcs
  11 bats
  4 giant cockroaches
  10 goblins
  10 hobgoblins
  2 quokkas
  4 ball pythons
  A giant newt (D:1)
  7 kobolds
  18 rats
96 creatures vanquished.

Notes
Turn   | Place    | Note
--------------------------------------------------------------
     0 | D:1      | Econoterrorist, the Vampire Enchanter, began the quest for the Orb.
     0 | D:1      | Reached XP level 1. HP: 13/13 MP: 3/3
   229 | D:1      | Reached skill level 5 in Stealth
   400 | D:1      | Reached XP level 2. HP: 19/19 MP: 4/4
   404 | D:1      | Learned a level 2 spell: Ensorcelled Hibernation
   818 | D:2      | Reached skill level 6 in Stealth
   891 | D:2      | Reached XP level 3. HP: 24/24 MP: 6/6
  1149 | D:2      | Reached skill level 7 in Stealth
  1374 | D:2      | Reached XP level 4. HP: 28/30 MP: 2/7
  1381 | D:2      | Learned a level 3 spell: Confuse
  1559 | D:2      | Reached skill level 8 in Stealth
  2261 | D:3      | Reached skill level 5 in Hexes
  2521 | D:3      | Reached XP level 5. HP: 35/35 MP: 3/9
  2704 | D:3      | Found a shimmering altar of Xom.
  3452 | D:4      | Noticed Eustachio
  3468 | D:4      | Reached XP level 6. HP: 41/41 MP: 4/11
  3526 | D:4      | HP: 2/41 [orc wizard/dagger (2)]
  3558 | D:4      | Killed from afar by an orc wizard

Action                   |  1- 3 |  4- 6 || total
-------------------------+-------+-------++-------
Melee: Dagger            |    12 |    66 ||    78
       Short sword       |    88 |    61 ||   149
 Cast: Corona            |     1 |       ||     1
       Ensorcelled Hiber |     7 |    37 ||    44
Evoke: Wand              |       |     1 ||     1
  Use: Potion            |       |    13 ||    13
       Scroll            |       |     1 ||     1
 Stab: Sleeping          |    14 |    34 ||    48
